 Dungeon Crawl Stone Soup version 0.27.1-2-g3b301248ec (webtiles) character file.

Game seed: 3010235431401851591

1257 Borgoz the Skirmisher (level 8, -3/52 HPs)
             Began as a Gargoyle Berserker on Sept 26, 2021.
             Was a Priest of Trog.
             Slain by a hound (5 damage)
             ... on level 6 of the Dungeon.
             The game lasted 00:05:06 (4839 turns).

Borgoz the Skirmisher (Gargoyle Berserker)          Turns: 4839, Time: 00:05:07

Health: -3/52      AC: 19    Str: 22    XL:     8   Next: 51%
Magic:  8/8        EV:  7    Int:  7    God:    Trog [***...]
Gold:   226        SH:  0    Dex: 11    Spells: 7/7 levels left

rFire    . . .     SeeInvis .   h - +0 flail
rCold    . . .     Faith    .   (no shield)
rNeg     + . .     Spirit   .   m - +0 plate armour
rPois    ∞         Reflect  .   (no helmet)
rElec    +         Harm     .   q - +0 cloak
rCorr    .         Rampage  .   (no gloves)
Will     ++...                  (no boots)
Stlth    ..........             (no amulet)
HPRegen  1.17/turn              (no ring)
MPRegen  0.11/turn              (no ring)

@: strong-willed, on berserk cooldown, regenerating, slowed, very slow
A: sickness immunity, AC +5, negative energy resistance 1, electricity
resistance, torment resistance 1, petrification resistance
a: Renounce Religion, Berserk, Trog's Hand


You were on level 6 of the Dungeon.
You worshipped Trog.
Trog was most pleased with you.
You visited 1 branch of the dungeon, and saw 6 of its levels.

You collected 226 gold pieces.

Inventory:

Hand Weapons
 h - a +0 flail (weapon)
Missiles
 w - a throwing net (quivered)
Armour
 m - a +0 plate armour (worn)
 q - a +0 cloak (worn)
Jewellery
 u - a ring of ice
 x - a ring of flight
Wands
 l - a wand of acid (9)
Scrolls
 c - 2 scrolls of holy word {unknown}
 e - a scroll of teleportation
 f - a scroll of enchant weapon {unknown}
 g - a scroll of enchant armour {unknown}
 n - a scroll of vulnerability {unknown}
 o - a scroll of immolation {unknown}
 r - 3 scrolls of fog {unknown}
 s - a scroll of brand weapon {unknown}
 t - a scroll of identify {unknown}
Potions
 a - a potion of curing {unknown}
 b - 2 potions of flight {unknown}
 d - 2 potions of attraction {unknown}
 i - a potion of magic {unknown}
 j - a potion of lignification {unknown}
 k - a potion of heal wounds {unknown}
 p - a potion of brilliance {unknown}
 v - 2 potions of berserk rage {unknown}


   Skills:
 * Level 6.7 Fighting
 * Level 6.1 Maces & Flails
 * Level 6.1 Armour
 + Level 3.5 Dodging


You had 7 spell levels left.
You didn't know any spells.
Your spell library was empty.

Dungeon Overview and Level Annotations

Branches:
Dungeon (6/15)             Temple (0/1) D:6

Altars:
Dithmenos
Vehumet
Yredelemnul

Shops:
D:5 (


Innate Abilities, Weirdness & Mutations

You are immune to sickness and miasma.
Your stone body is resilient. (AC +5)
You are immune to poison.
You resist negative energy. (rN+)
You are resistant to electric shocks. (rElec)
You are resistant to unholy torment.
You are immune to petrification.


Message History

The gnoll sergeant hits you but does no damage.
The hound barks!
You sock the gnoll sergeant!
The gnoll sergeant is severely wounded.
The gnoll hits you but does no damage. The gnoll sergeant blocks your attack.
The gnoll sergeant is severely wounded.
You are no longer berserk.
You are exhausted.
You feel yourself slow down.
The gnoll sergeant hits you with a +0 trident.
* * * LOW HITPOINT WARNING * * *
The gnoll hits you but does no damage. The gnoll sergeant blocks your attack.
The gnoll sergeant is severely wounded.
The gnoll sergeant hits you with a +0 trident.
* * * LOW HITPOINT WARNING * * *
The gnoll hits you but does no damage. The gnoll sergeant closely misses you.
Your skin crawls.
You feel strong-willed. The hound bites you but does no damage.
The gnoll hits you but does no damage. The hound barely misses you.
The gnoll sergeant barely misses you. The gnoll hits you but does no damage.
You hit the gnoll sergeant.
The gnoll sergeant is severely wounded.
The hound bites you but does no damage.
The gnoll sergeant hits you but does no damage.
The hound bites you but does no damage.
The gnoll hits you with a +0 spear of venom.
* * * LOW HITPOINT WARNING * * *
The gnoll sergeant hits you with a +0 trident.
* * * LOW HITPOINT WARNING * * *
The hound barely misses you. The gnoll hits you but does no damage.
You sock the gnoll sergeant!
You kill the gnoll sergeant!
Trog accepts your kill. The hound bites you.
* * * LOW HITPOINT WARNING * * *
The hound bites you.
You die...

........#.....#.....#
........#.....#.....#
......>.#.....'.....#
....<...#.....#.....#
........#.....#.....#
........#.....#.....#
........#.....#.....#
....... #.....#.h...#
...... #.....#)@...#
..... #.....#g))..#
..... #.....# .....
#.....+ ..... ......#
..... .≈≈....# .....
..≈....# ....
##.≈....#


You could see a hound and a gnoll.

Vanquished Creatures
  A wyvern (D:5)
  Menkaure (D:5)
  A sky beast (D:5)
  A black bear (D:6)
  Blork the orc (D:5)
  A gnoll sergeant (D:6)
  A scorpion (D:4)
  A water moccasin zombie (D:5)
  A howler monkey (D:5)
  A hound (D:4)
  A bullfrog skeleton (D:5)
  An orc priest (D:3)
  A jelly (D:2)
  4 iguanas
  Ijyb (D:4)
  2 orc wizards (D:4)
  3 hound skeletons
  A howler monkey skeleton (D:5)
  14 gnolls
  5 adders
  An adder skeleton (D:4)
  2 dart slugs (D:3)
  6 orcs
  7 ball pythons
  6 endoplasms
  3 giant cockroaches (D:1)
  3 hobgoblins
  3 jackals (D:2)
  3 kobolds
  3 quokkas
  7 bats
  6 frilled lizards
  7 goblins
  6 rats
106 creatures vanquished.

Vanquished Creatures (others)
  14 plants (D:4)
14 creatures vanquished.

Grand Total: 120 creatures vanquished

Notes
Turn   | Place    | Note
-------+----------+-------------------------------------------
     0 | D:1      | Borgoz the Gargoyle Berserker began the quest for the Orb.
     0 | D:1      | Reached XP level 1. HP: 14/14 MP: 1/1
   258 | D:1      | Reached XP level 2. HP: 19/19 MP: 2/2
   428 | D:1      | Found a faded altar of an unknown god.
   749 | D:2      | Reached XP level 3. HP: 19/24 MP: 3/3
   861 | D:2      | Reached ** piety under Trog
   998 | D:2      | Found a shadowy altar of Dithmenos.
  1027 | D:2      | Reached XP level 4. HP: 13/29 MP: 4/4
  1311 | D:2      | You fall into a shaft and drop 1 floor!
  1669 | D:3      | Reached XP level 5. HP: 33/33 MP: 5/5
  2619 | D:4      | Noticed Ijyb
  2627 | D:4      | Killed Ijyb
  2767 | D:4      | Reached XP level 6. HP: 35/39 MP: 6/6
  2971 | D:4      | Reached *** piety under Trog
  2972 | D:4      | Reached skill level 5 in Fighting
  3010 | D:4      | Found a radiant altar of Vehumet.
  3405 | D:5      | Entered Level 5 of the Dungeon
  3415 | D:5      | Found Oroy's Antique Weapon Emporium.
  3428 | D:5      | Found a basalt altar of Yredelemnul.
  3542 | D:5      | Noticed a sky beast
  3549 | D:5      | Killed a sky beast
  3550 | D:5      | Reached XP level 7. HP: 44/44 MP: 7/7
  3738 | D:5      | Noticed a wyvern
  3744 | D:5      | Killed a wyvern
  3745 | D:5      | Reached skill level 5 in Maces & Flails
  3745 | D:5      | Reached skill level 5 in Armour
  3890 | D:5      | Noticed Menkaure
  3896 | D:5      | Killed Menkaure
  3930 | D:5      | Reached XP level 8. HP: 23/51 MP: 8/8
  4226 | D:5      | Noticed Blork the orc
  4241 | D:5      | Killed Blork the orc
  4758 | D:6      | Found a staircase to the Ecumenical Temple.
  4839 | D:6      | HP: 2/52 [hound (5)]
  4839 | D:6      | Slain by a hound

Illustrated notes

Levels and vault maps discovered:
D:1:      lightli_arrival_statuegarden, layout_loops_ring,
          shapermc_ecumenical_altar_pompeii
D:2:      minmay_skewed_foursquare, layout_rooms, basic_altar
D:3:      layout_rooms
D:4:      layout_rooms, nicolae_vehumet_radiance, minivault_14,
          chequers_serial_rivers_micro_c, minmay_misc_feat_encased,
          serial_bayou_lagoon_b, uniq_ijyb
D:5:      layout_loops_ring, overflow_temple_1_default, serial_shops,
          nicolae_shop_behind_doors, uniq_blork_the_orc, uniq_menkaure
D:6:      layout_gridville, mainiacjoe_overflow_brackets,
          minmay_temple_entry_overgrown

Skill      XL: |  1  2  3  4  5  6  7  8 |
---------------+-------------------------+-----
Fighting       | 4 5 6 |  6.7
Armour         | 3 4 5 6 |  6.1
Dodging        | 2 3 |  3.5
Maces & Flails | 4 5 6 |  6.1

Action                   |  1- 3 |  4- 6 |  7- 9 || total
-------------------------+-------+-------+-------++-------
Melee: Mace              |    81 |    55 |       ||   136
       Flail             |       |   152 |   124 ||   276
Invok: Berserk           |     2 |     6 |     4 ||    12
       Trog's Hand       |       |       |     2 ||     2
  Use: Scroll            |       |       |     2 ||     2
Armor: Animal skin       |    36 |    26 |       ||    62
       Chain mail        |       |    42 |       ||    42
       Plate armour      |       |    64 |   112 ||   176
Dodge: Dodged            |    84 |   119 |    63 ||   266
